Map: Triton LE

Players

Ratl - Winner!

  • Race: Protoss Protoss
  • League: Silver
  • Spawn Location: 11:00

VOD

Have the link to the VOD?

Description

Time

  • Played on: Jan. 11, 2020, 9:14 p.m.
  • Length: 22:23
Show
View Real Time Build Order
Export as new Build Order

Ratl Protoss - Winner!

Build Orders:  

Get SALT Encoding   

  12  0:06  Probe (Chrono Boost)  
  13  0:23  Probe (Chrono Boost)  
  14  0:34  Probe (Chrono Boost)  
  14  0:35  Pylon  
  15  0:58  Probe (Chrono Boost)  
  15  1:03  Gateway  
  16  1:15  Probe (Chrono Boost)  
  17  1:20  Assimilator  
  17  1:32  Probe (Chrono Boost)  
  17  1:37  Gateway  
  18  1:49  Probe (Chrono Boost)  
  19  1:58  Assimilator  
  19  2:06  Probe (Chrono Boost)  
  20  2:10  Cybernetics Core  
  20  2:23  Probe (Chrono Boost)  
  22  2:40  Probe (Chrono Boost)  
  22  2:57  Probe (Chrono Boost)  
  23  3:09  Pylon  
  23  3:16  Pylon  
  23  3:34  Probe, Stalker x2  
  28  3:46  Robotics Facility  
  28  3:51  Probe  
  29  4:08  Probe  
  29  4:21  Stalker x2  
  29  4:25  Probe  
  34  4:36  Warp Gate (Chrono Boost)  
  34  4:42  Probe  
  35  4:53  Nexus  
  35  4:59  Probe  
  36  5:02  Observer  
  33  5:25  Probe  
  34  5:40  Gateway x2  
  34  5:42  Probe  
  34  5:43  Gateway  
  35  5:56  Stalker  
  35  5:59  Probe  
  38  6:13  Pylon  
  38  6:31  Probe  
  38  6:36  Probe  
  40  6:41  Warp Prism  
  40  6:48  Probe  
  43  6:53  Probe  
  43  6:56  Stalker x2  
  48  7:05  Probe  
  49  7:10  Probe  
  49  7:16  Pylon  
  50  7:23  Forge  
  50  7:25  Forge  
  50  7:28  Probe x2  
  52  7:45  Probe x2  
  52  7:49  Zealot  
  56  7:50  Zealot x2  
  56  7:53  Zealot  
  56  7:57  Zealot  
  64  8:09  Assimilator  
  64  8:10  Probe x2  
  64  8:14  Assimilator  
  66  8:42  Probe  
  66  8:43  Probe  
  66  8:47  Protoss Ground Armor Level 1 (Chrono Boost)  
  66  8:48  Protoss Ground Weapons Level 1 (Chrono Boost)  
  68  8:59  Probe  
  69  9:00  Probe  
  69  9:03  Pylon  
  70  9:12  Pylon  
  70  9:26  Pylon  
  70  9:28  Immortal  
  74  9:32  Pylon  
  74  9:37  Nexus, Stalker x3  
  80  10:21  Sentry x2  
  80  10:22  Sentry  
  80  10:24  Zealot x2  
  90  10:31  Immortal  
  94  10:47  Probe x2  
  96  10:57  Shield Battery  
  96  11:00  Assimilator  
  96  11:03  Assimilator  
  96  11:04  Observer  
  96  11:08  Pylon  
  96  11:09  Pylon  
  96  11:13  Pylon  
  96  11:25  Pylon  
  96  11:26  Immortal  
  96  11:27  Stalker x2  
  96  11:28  Stalker  
  96  11:29  Pylon, Stalker  
  107  11:56  Twilight Council  
  107  12:07  Probe (Chrono Boost)  
  107  12:11  Probe x2 (Chrono Boost)  
  107  12:18  Probe (Chrono Boost)  
  110  12:21  Observer  
  110  12:27  Probe x2  
  114  12:31  Stalker x4  
  122  12:44  Probe  
  123  12:51  Immortal  
  127  13:01  Probe x3  
  130  13:18  Probe x3  
  133  13:28  Protoss Ground Weapons Level 2 (Chrono Boost), Protoss Ground Armor Level 2 (Chrono Boost)  
  133  13:35  Probe x3  
  136  13:46  Immortal  
  136  13:52  Zealot  
  136  13:54  Zealot x3  
  136  13:55  Zealot  
  120  14:36  Immortal  
  120  14:48  Blink  
  120  15:17  Probe x3  
  123  15:20  Immortal  
  123  15:34  Probe x3  
  126  15:51  Probe  
  126  15:55  Assimilator  
  126  15:56  Pylon, Nexus  
  126  15:58  Pylon x2, Assimilator  
  127  16:02  Immortal  
  127  16:17  Stalker  
  127  16:19  Stalker x3  
  139  16:20  Stalker  
  139  16:27  Gateway  
  141  16:31  Gateway  
  141  16:34  Gateway  
  141  16:36  Gateway  
  141  16:39  Gateway  
  141  16:44  Shield Battery  
  141  16:57  Warp Prism  
  143  17:00  Robotics Facility  
  143  17:02  Robotics Facility  
  143  17:04  Protoss Ground Weapons Level 3 (Chrono Boost), Protoss Ground Armor Level 3 (Chrono Boost), Robotics Facility  
  143  17:24  Probe  
  143  17:25  Probe x2  
  146  17:41  Probe  
  146  17:42  Probe x2  
  146  17:47  Immortal  
  153  17:55  Nexus  
  153  17:58  Assimilator  
  153  18:03  Photon Cannon  
  153  18:04  Assimilator  
  153  18:05  Photon Cannon  
  153  18:07  Photon Cannon x3  
  153  18:08  Pylon  
  153  18:10  Photon Cannon  
  153  18:11  Pylon  
  153  18:13  Stalker x2  
  153  18:14  Stalker x3  
  153  18:15  Stalker x2  
  153  18:16  Stalker x2  
  153  18:17  Pylon  
  171  18:42  Immortal  
  175  19:04  Probe x2  
  177  19:26  Immortal  
  177  19:27  Immortal x2  
  189  19:37  Immortal, Robotics Bay  
  193  19:41  Gateway  
  193  19:44  Gateway  
  193  19:46  Gateway  
  193  20:48  Zealot  
  193  20:49  Zealot x2  
  197  21:11  Photon Cannon  
  197  21:13  Photon Cannon  
  197  21:15  Photon Cannon  
  197  21:16  Photon Cannon  
  196  21:27  Pylon  
  193  21:30  Shield Battery  
  193  21:33  Shield Battery  
  193  21:34  Shield Battery  
  193  21:35  Shield Battery  
  193  21:39  Shield Battery  
Tags
 
League
Silver
Matchup
Co-op
Add a new tag
Caveats
  • Supply blocks, unpowered buildings, or Contaminate may cause inaccurate times.
  • Supply counts are checked every 10 seconds.